 Dungeon Crawl Stone Soup version 0.24.0-1-gfbc8707122 (webtiles) character file.

Game seed: 7429176587345842821, levelgen mode: deterministic

7798 stripedtigrrr the Severer (level 11, -5/95 HPs)
             Began as a Minotaur Berserker on Oct 26, 2019.
             Was a High Priest of Trog.
             Slain by an orc warrior
             ... wielding a +0 halberd
              (11 damage)
             ... in a bailey.
             The game lasted 00:48:34 (10632 turns).

stripedtigrrr the Severer (Minotaur Berserker)     Turns: 10632, Time: 00:48:35

Health: -5/95      AC: 22    Str: 22    XL:     11   Next: 1%
Magic:  8/10       EV:  8    Int:  3    God:    Trog [*****.]
Gold:   594        SH:  0    Dex: 13    Spells: 10/10 levels left

rFire    . . .     SeeInvis .   b - +1 war axe
rCold    . . .     Gourm    .   (no shield)
rNeg     + . .     Faith    .   i - +0 plate armour
rPois    +         Spirit   .   (helmet restricted)
rElec    .         Reflect  .   I - +2 ratskin cloak {+Rats rPois rN+ Str-1 Int-1 Dex+1}
rCorr    .         Harm     .   n - +0 pair of gloves
MR       ++...                  G - +2 pair of boots
Stlth    ..........             (no amulet)
HPRegen  1.25/turn              (no ring)
MPRegen  0.12/turn              (no ring)

@: regenerating
A: retaliatory headbutt, horns 2
a: Berserk, Trog's Hand, Brothers in Arms, Renounce Religion, Evoke Ratskin


You were in a bailey.
You worshipped Trog.
Trog was extremely pleased with you.
You were very hungry.

You visited 1 branch of the dungeon, and saw 10 of its levels.
You also visited: Bailey.

You collected 594 gold pieces.

Inventory:

Hand Weapons
 b - a +1 war axe (weapon)
 p - a +0 hunting sling
 u - a +2 spear of venom
 K - a +2 antimagic mace
Missiles
 o - 217 stones (quivered)
Armour
 i - a +0 plate armour (worn)
 n - a +0 pair of gloves (worn)
 x - a +0 chain mail of cold resistance
 y - a scarf of cloud immunity
 B - a +0 scale mail of fire resistance
 G - a +2 pair of boots (worn)
 I - the +2 ratskin cloak (worn) {+Rats rPois rN+ Str-1 Int-1 Dex+1}
   (You found it on level 7 of the Dungeon)

   It affects your strength (-1).
   It affects your intelligence (-1).
   It affects your dexterity (+1).
   It protects you from poison.
   It protects you from negative energy.
Jewellery
 l - an uncursed ring of see invisible
 F - a +2 ring of slaying {unknown}
Wands
 d - a wand of flame (29)
 t - a wand of digging (10)
 D - a wand of iceblast (8)
 H - a wand of polymorph (22)
Scrolls
 a - a scroll of immolation
 e - 2 scrolls of teleportation
 h - 3 scrolls of enchant weapon
 k - 9 scrolls of remove curse
 m - 2 scrolls of fog
 s - a scroll of fear
 J - 2 scrolls of identify
Potions
 f - a potion of agility
 j - 2 potions of mutation
 q - a potion of curing
 r - 2 potions of brilliance
 v - 2 potions of might
 w - 4 potions of lignification
 z - a potion of flight
 A - a potion of haste
 C - a potion of berserk rage
 E - a potion of degeneration {unknown}
Comestibles
 c - 13 rations


   Skills:
 + Level 8.7 Fighting
 + Level 15.6 Axes
 + Level 8.7 Armour
 + Level 4.0 Dodging
 - Level 1.0 Stealth


You had 10 spell levels left.
You didn't know any spells.
Your spell library was empty.

Dungeon Overview and Level Annotations

Branches:
Dungeon (10/15)            Temple (0/1) D:5            Lair (0/6) D:9
    Orc (0/2) D:9          Bailey (1/1)

Altars:
Dithmenos
Fedhas
Kikubaaqudgha
Nemelex Xobeh
Okawaru
Uskayaw
Xom
Zin
The Shining One
Beogh

Annotations:
D:1 exclusion: 2 downstairs
D:2 1 exclusion
D:3 2 transporters, exclusion: downstairs, Zaque's ghost, amateur OpTm
D:4 1 exclusion
D:9 exclusions: downstairs and 1 more exclusion


Innate Abilities, Weirdness & Mutations

You reflexively headbutt those who attack you in melee.
You have a pair of horns on your head.


Message History

* * * LOW HITPOINT WARNING * * *
Your hell rat barely misses the orc warrior.
Your hell rat bites the orc warrior!
Your hell rat drains the orc warrior.
The orc warrior completely misses you.
You feel better.
The orc knight hits your river rat with a +0 trident.
The orc warrior hits you from afar with a +0 halberd!
* * * LOW HITPOINT WARNING * * *
The orc warrior barely misses you. You furiously retaliate!
You headbutt the orc warrior, but do no damage.
Your river rat barely misses the orc knight.
You slash the orc warrior!
The orc warrior is heavily wounded.
Your plate armour prevents you from hitting the orc warrior.
The orc knight hits your river rat but does no damage.
The orc warrior unwields a +0 arbalest.
The orc warrior hits you but does no damage.
The orc warrior barely misses you.
The orc warrior hits you with a +0 halberd!
You die...

### ##∩## #.∩.#
#@((#
≈≈o≈≈.oo.o).≈≈o≈
≈.oo≈.(....rroo.
≈≈)≈≈.......≈≈)≈
.≈≈≈..#...#..≈≈≈
.....##...##....
##### ##∩## ####
###


You could see an orc knight, 7 orc warriors, an orc, a friendly hell rat and a
friendly river rat.

Vanquished Creatures
  Harold (D:7)
  Joseph (D:7)
  A troll (D:9)
  A hornet (D:7)
  A hippogriff (D:7)
  9 yaks (D:9)
  Duvessa (D:7)
  3 sky beasts
  5 orc warriors
  A black bear (D:4)
  An ice beast (D:6)
  7 ogres
  2 centaurs
  2 big kobolds
  2 gnoll sergeants
  4 bullfrogs
  Dowan (D:7)
  3 scorpions (D:9)
  A water moccasin zombie (D:6)
  11 killer bees
  3 crimson imps
  5 jellies
  A bullfrog zombie (D:6)
  A centaur zombie (D:5)
  Crazy Yiuf (D:6)
  4 hounds
  A bullfrog skeleton (D:4)
  11 orc priests
  11 orc wizards
  An iguana (D:9)
  A hell rat (D:7)
  6 worker ants
  2 hound zombies (D:9)
  Robin (D:2)
  11 gnolls
  10 adders
  6 river rats (D:7)
  4 shadow imps
  3 adder skeletons
  An adder zombie (D:9)
  2 worms
  5 dart slugs
  4 leopard geckos
  70 orcs
  A ball python (D:1)
  6 giant cockroaches
  19 goblins
  18 hobgoblins
  4 jackals
  27 kobolds
  3 quokkas
  12 bats
  3 frilled lizards
  A jackal skeleton (D:5)
  25 rats
  20 plants (D:5)
362 creatures vanquished.

Vanquished Creatures (others)
  An orc wizard (D:8)
1 creature vanquished.

Grand Total: 363 creatures vanquished

Notes
Turn   | Place    | Note
-------+----------+-------------------------------------------
     0 | D:1      | stripedtigrrr the Minotaur Berserker began the quest for
                  | the Orb.
     0 | D:1      | Reached XP level 1. HP: 19/19 MP: 0/0
   142 | D:1      | Reached skill level 4 in Axes
   147 | D:1      | Reached XP level 2. HP: 26/27 MP: 1/1
  1084 | D:2      | Reached XP level 3. HP: 33/33 MP: 2/2
  1092 | D:2      | Noticed Robin
  1165 | D:2      | Found an ancient bone altar of Kikubaaqudgha.
  1306 | D:2      | Reached ** piety under Trog
  1334 | D:2      | Killed Robin
  1334 | D:2      | Reached skill level 5 in Axes
  1344 | D:2      | Found a blossoming altar of Fedhas.
  1350 | D:2      | Reached XP level 4. HP: 35/40 MP: 3/3
  1966 | D:2      | Reached XP level 5. HP: 47/47 MP: 4/4
  1979 | D:2      | Reached skill level 6 in Axes
  1993 | D:2      | Found a shimmering altar of Xom.
  2962 | D:3      | Identified the cursed +0 dire flail of Severance {elec,
                  | +Blink Dex+2}
  2962 | D:3      | Noticed an ogre
  2962 | D:3      | Noticed Zaque's ghost (amateur OpTm)
  2963 | D:3      | Found a transporter.
  2964 | D:3      | Found a transporter.
  2968 | D:3      | Noticed an ogre
  3305 | D:4      | Reached *** piety under Trog
  3608 | D:4      | Found a shadowy altar of Dithmenos.
  3613 | D:4      | Reached XP level 6. HP: 45/53 MP: 5/5
  3690 | D:4      | Reached skill level 7 in Axes
  4314 | D:4      | Reached skill level 8 in Axes
  4314 | D:4      | Reached XP level 7. HP: 60/60 MP: 6/6
  4430 | D:5      | Entered Level 5 of the Dungeon
  4540 | D:5      | Reached skill level 5 in Fighting
  4897 | D:5      | Found a glowing golden altar of the Shining One.
  5012 | D:5      | Found a staircase to the Ecumenical Temple.
  5190 | D:5      | Reached **** piety under Trog
  5190 | D:5      | Reached skill level 9 in Axes
  5439 | D:6      | HP: 3/61 [ice beast (12)]
  5442 | D:6      | Reached XP level 8. HP: 31/69 MP: 7/7
  5838 | D:6      | Reached skill level 10 in Axes
  5921 | D:6      | Found a runed translucent door.
  5922 | D:6      | Noticed Crazy Yiuf
  5931 | D:6      | Killed Crazy Yiuf
  6290 | D:7      | Noticed Dowan
  6290 | D:7      | Noticed Duvessa
  6294 | D:7      | Noticed a hornet
  6303 | D:7      | Paralysed by a hornet for 2 turns
  6313 | D:7      | Killed a hornet
  6313 | D:7      | Reached skill level 5 in Armour
  6652 | D:7      | Reached skill level 11 in Axes
  6813 | D:7      | Noticed Harold
  6825 | D:7      | Killed Harold
  6825 | D:7      | Reached skill level 12 in Axes
  6825 | D:7      | Reached skill level 1 in Stealth
  6825 | D:7      | Reached XP level 9. HP: 32/78 MP: 8/8
  7081 | D:7      | Found a sparkling altar of Nemelex Xobeh.
  7140 | D:7      | Killed Duvessa
  7141 | D:7      | Killed Dowan
  7533 | D:7      | Noticed Joseph
  7548 | D:7      | Killed Joseph
  7548 | D:7      | Reached skill level 13 in Axes
  7709 | D:7      | Found the +2 ratskin cloak {+Rats rPois rN+ Str-1 Int-1
                  | Dex+1}
  8213 | D:8      | Found an iron altar of Okawaru.
  8223 | D:8      | Reached XP level 10. HP: 86/86 MP: 9/9
  8383 | D:8      | Found a glowing silver altar of Zin.
  8424 | D:8      | Found a hide-covered altar of Uskayaw.
  8438 | D:8      | Noticed a +0 dagger
  8438 | D:8      | Noticed a +0 dagger
  8480 | D:8      | Reached skill level 14 in Axes
  8514 | D:8      | Received a gift from Trog
  9365 | D:9      | Found a staircase to the Orcish Mines.
  9492 | D:9      | Found a roughly hewn altar of Beogh.
  9702 | D:9      | Reached skill level 15 in Axes
 10076 | D:9      | Found a roughly hewn altar of Beogh.
 10100 | D:9      | Found a staircase to the Lair.
 10310 | D:10     | Entered Level 10 of the Dungeon
 10310 | D:10     | Noticed a gargoyle
 10386 | D:10     | Reached ***** piety under Trog
 10422 | D:10     | Found a flagged portal.
 10445 | D:10     | Reached XP level 11. HP: 57/95 MP: 10/10
 10617 | Bailey   | Entered a bailey
 10618 | Bailey   | Noticed an orc knight
 10632 | Bailey   | Slain by an orc warrior

Levels and vault maps discovered:
D:1:      wander_arrival_desolate, layout_basic, hangedman_decor_push
D:2:      layout_rooms, kiku_gazebo_garden_becter, lemuel_crystal_altar,
          tgw_xom, first_ration, kennysheep_minor_cross, minmay_tromino_v4_c,
          uniq_robin
D:3:      layout_basic, gammafunk_ghost_smash, kennysheep_generic_room_8
D:4:      layout_loops_cross, overflow_temple_1_default
D:5:      kennysheep_kobold_camp, layout_basic, nicolae_overflow_crystal_walls,
          minmay_temple_entry_mist
D:6:      layout_cave_pools, uniq_crazy_yiuf_cottage
D:7:      wander_guarded_unrand_ratskin, layout_basic, nemelex_altar_shiori,
          uniq_harold, uniq_duvessa, uniq_joseph
D:8:      minmay_general_purpose_star, layout_cave_pools,
          okawaru_metal_pillars_3, dancing_weapons_uskayaw, old_standard_altar,
          grunt_pizzeria, minmay_orc_keep
D:9:      layout_basic, dpeg_oklobed_lair, minmay_orc_entry_temple_small,
          special_room [special_room_orc], minivault_24
D:10:     layout_rooms, enter_bailey_3, serial_shops, nicolae_shop_waterfront
Bailey:   bailey_polearm_4, bailey

Skill      XL: |  1  2  3  4  5  6  7  8  9 10 |
---------------+-------------------------------+-----
Axes           | 4 5 6 8 9 12 13 15 | 15.6
Fighting       | 4 5 6 7 8 |  8.7
Armour         | 3 4 6 7 8 |  8.7
Dodging        | 3 4 |  4.0
Stealth        | 1 |  1.0

Action                   |  1- 3 |  4- 6 |  7- 9 | 10-12 || total
-------------------------+-------+-------+-------+-------++-------
Melee: Hand axe          |    72 |    67 |       |       ||   139
       Headbutt          |    10 |    29 |   114 |    59 ||   212
       War axe           |       |   100 |   428 |   326 ||   854
Invok: Trog's Hand       |       |     1 |     8 |     8 ||    17
 Abil: Evoke Ratskin     |       |       |       |     1 ||     1
Evoke: Wand              |       |       |       |     7 ||     7
  Use: Potion            |       |     1 |     2 |     2 ||     5
       Scroll            |       |       |    13 |     7 ||    20
 Stab: Sleeping          |     1 |       |       |       ||     1
  Eat: Chunk             |     1 |    10 |     9 |    10 ||    30
       Ration            |       |       |     2 |       ||     2
Armor: Animal skin       |    11 |     3 |       |       ||    14
       Ring mail         |       |    30 |       |       ||    30
       Chain mail        |       |     5 |   167 |    41 ||   213
       Plate armour      |       |       |       |   119 ||   119
Dodge: Dodged            |    57 |    93 |   142 |   130 ||   422
